 Dungeon Crawl Stone Soup version 0.23-a0-726-g9fa1570 (webtiles) character file.

1220 CanOfBees the Skirmisher (level 8, 0/70 (71) HPs)
             Began as a Ghoul Monk on Jan 16, 2019.
             Slain by a worker ant (1 damage)
             ... on level 6 of the Dungeon.
             The game lasted 00:10:27 (4730 turns).

CanOfBees the Skirmisher (Ghoul Monk)               Turns: 4730, Time: 00:10:28

HP:   0/70 (71)     AC: 12    Str: 17    XL:     8   Next: 47%
MP:   16/16         EV:  9    Int:  5    God:
Gold: 203           SH:  0    Dex: 11    Spells: 7/7 levels left

rFire    . . .     SeeInvis .     - Unarmed
rCold    + . .     Gourm    .   (no shield)
rNeg     + + +     Faith    .   A - +0 chain mail
rPois    ∞         Spirit   .   o - +0 helmet
rElec    .         Reflect  .   (no cloak)
rCorr    .         Harm     .   (no gloves)
MR       .....                  (no boots)
Stlth    ..........             (no amulet)
HPRegen  0.00/turn              f - ring of magical power
MPRegen  0.15/turn              a - +2 ring of protection

@: rotting
A: rotting body, claws 1, carnivore, cold resistance 1, negative energy
resistance 3, inhibited regeneration, torment resistance, unbreathing
a: no special abilities


You were on level 6 of the Dungeon.
You were not hungry.

You visited 2 branches of the dungeon, and saw 7 of its levels.

You collected 319 gold pieces.
You spent 116 gold pieces at shops.

Inventory:

Missiles
 h - 26 sling bullets
 m - 232 stones (quivered)
 q - 8 tomahawks
 r - 99 arrows
 u - 27 bolts
 w - 18 poisoned needles
Armour
 o - a +0 helmet (worn)
 A - a +0 chain mail (worn)
Jewellery
 a - a +2 ring of protection (right claw)
 f - a ring of magical power (left claw)
 s - an uncursed ring of ice
Wands
 e - a wand of disintegration (9)
 v - a wand of iceblast (17)
 y - a wand of flame (4)
Scrolls
 c - 4 scrolls of remove curse
 k - a scroll of identify
 p - a scroll of magic mapping {unknown}
 t - 2 scrolls of teleportation
 x - 2 scrolls of fog
 z - a scroll of immolation
 D - a scroll of enchant weapon {unknown}
Potions
 d - a potion of might {unknown}
 g - 2 potions of heal wounds
 i - a potion of ambrosia {unknown}
 j - 3 potions of haste
 l - a potion of resistance {unknown}
 C - a potion of agility {unknown}
Comestibles
 b - 9 rations


   Skills:
 + Level 6.6 Fighting
 + Level 3.3 Armour
 + Level 5.4 Dodging
 - Level 2.1 Stealth
 + Level 6.5 Unarmed Combat


You had 7 spell levels left.
You didn't know any spells.
Your spell library was empty.

Dungeon Overview and Level Annotations

Branches:
Dungeon (6/15)             Temple (1/1) D:5

Altars:
Ashenzari
Cheibriados
Dithmenos
Gozag
Hepliaklqana
Kikubaaqudgha
Qazlal
Sif Muna
Trog
Vehumet
Wu Jian
Xom
Zin
Jiyva

Shops:
D:4 ?   D:6 *


Innate Abilities, Weirdness & Mutations

Your body is rotting away.
You thrive on raw meat.
You are immune to poison.
You have sharp fingernails.
You are carnivorous and can eat meat at any time.
Your flesh is cold resistant. (rC+)
You are immune to negative energy. (rN+++)
You do not regenerate when monsters are visible.
You are immune to unholy pain and torment.
You can survive without breathing.


Message History

Your chain mail prevents you from hitting Menkaure.
Menkaure is heavily damaged.
Menkaure hits you!
* * * LOW HITPOINT WARNING * * *
You claw Menkaure!
You destroy Menkaure!
The worker ant bites you.
* * * LOW HITPOINT WARNING * * *
The worker ant bites you but does no damage.
You scratch the worker ant.
The worker ant is moderately wounded.
The worker ant bites you but does no damage.
The worker ant closely misses you.
You closely miss the worker ant.
The worker ant is moderately wounded.
The worker ant closely misses you.
You claw the worker ant!
The worker ant is almost dead.
The worker ant bites you.
You die...

##. .... #..
...# ..# ....#
..## ....#
..##....## ..
#..#.....# ..
##......... #.#
##@a.# #..
##...##
#.##...## #.
###...%.## #..
.#.......###...
........##...#
#..........#
##........##
###.......##


You could see a worker ant.

Vanquished Creatures
  Grinder (D:4)
  Eustachio (D:5)
  Menkaure (D:6)
  A phantom (D:5)
  A centaur (D:5)
  A crimson imp (D:4)
  A bullfrog zombie (D:6)
  2 orc priests
  A centaur skeleton (D:4)
  An iguana (D:4)
  3 orc wizards (D:5)
  3 worker ants
  A hound skeleton (D:4)
  A worker ant zombie (D:6)
  Robin (D:2)
  8 adders
  3 gnolls (D:3)
  An ooze (D:4)
  An adder skeleton (D:4)
  4 worms
  3 leopard geckos
  17 orcs
  6 giant cockroaches
  17 goblins
  12 hobgoblins
  2 jackals (D:4)
  4 kobolds
  A quokka (D:5)
  A ball python (D:2)
  5 bats
  5 frilled lizards
  A jackal skeleton (D:6)
  7 rats
118 creatures vanquished.

Notes
Turn   | Place    | Note
-------+----------+-------------------------------------------
     0 | D:1      | CanOfBees the Ghoul Monk began the quest for the Orb.
     0 | D:1      | Reached XP level 1. HP: 19/19 MP: 0/0
   268 | D:1      | Reached XP level 2. HP: 22/26 MP: 1/1
   763 | D:2      | Reached XP level 3. HP: 7/33 MP: 2/2
   933 | D:2      | Found a glowing silver altar of Zin.
   945 | D:2      | Found a shattered altar of Ashenzari.
  1085 | D:2      | Found a faded altar of an unknown god.
  1180 | D:2      | Reached XP level 4. HP: 38/40 MP: 3/3
  1228 | D:2      | Noticed Robin
  1470 | D:2      | Killed Robin
  1872 | D:3      | Reached XP level 5. HP: 31/45 MP: 4/4
  2412 | D:4      | Reached skill level 5 in Fighting
  2412 | D:4      | Reached XP level 6. HP: 53/56 MP: 5/5
  2725 | D:4      | Found Adeff's Magic Scroll Emporium.
  2728 | D:4      | Bought a scroll of identify for 28 gold pieces
  2728 | D:4      | Bought a scroll of fog for 28 gold pieces
  2737 | D:4      | Noticed Grinder
  2741 | D:4      | Paralysed by Grinder for 4 turns
  2769 | D:4      | Killed Grinder
  2769 | D:4      | Reached skill level 1 in Armour
  2769 | D:4      | Reached skill level 5 in Unarmed Combat
  2769 | D:4      | Reached XP level 7. HP: 21/61 MP: 6/6
  3570 | D:5      | Entered Level 5 of the Dungeon
  3671 | D:5      | Noticed Eustachio
  3711 | D:5      | Killed Eustachio
  3797 | D:5      | Reached skill level 5 in Dodging
  3832 | D:5      | Found a staircase to the Ecumenical Temple.
  3838 | Temple   | Entered the Ecumenical Temple
  4012 | D:5      | Reached XP level 8. HP: 70/70 MP: 7/7
  4594 | D:6      | Found Qirarok's General Store.
  4612 | D:6      | Bought a potion of berserk rage for 60 gold pieces
  4712 | D:6      | Noticed Menkaure
  4725 | D:6      | Killed Menkaure
  4725 | D:6      | HP: 1/70 [worker ant (6)]
  4730 | D:6      | Slain by a worker ant

Vault maps used:
D:1:      lightli_arrival_statue_moat, minmay_misc_feat_more_columns,
          serial_park_tiny_1
D:2:      grunt_temple_overflow_open, chequers_ecumenical_altar_simple_redux,
          uniq_robin
D:3:      minmay_misc_feat_hallway
D:4:      minmay_spotlight, first_ration, serial_shops, kennysheep_mini_moat,
          uniq_grinder
D:5:      temple_green, uniq_eustachio
D:6:      kennysheep_ying_yang, serial_shops, shop, uniq_menkaure
Temple:   pf_slime_end_temple

Skill      XL: |  1  2  3  4  5  6  7  8 |
---------------+-------------------------+-----
Dodging        | 3 4 5 |  5.4
Fighting       | 4 5 6 |  6.6
Unarmed Combat | 4 5 6 |  6.5
Armour         | 1 2 3 |  3.3
Stealth        | |  2.1

Action                   |  1- 3 |  4- 6 |  7- 9 || total
-------------------------+-------+-------+-------++-------
Melee: Unarmed           |   125 |   175 |   225 ||   525
       Punch             |       |     4 |     4 ||     8
Throw: Stone             |       |     2 |     9 ||    11
Evoke: Wand              |       |       |     2 ||     2
  Use: Potion            |       |     2 |       ||     2
       Scroll            |       |       |     6 ||     6
 Stab: Sleeping          |     1 |       |       ||     1
  Eat: Chunk             |    14 |     7 |    16 ||    37
Armor: Robe              |    29 |       |       ||    29
       Ring mail         |     9 |    52 |     8 ||    69
       Chain mail        |       |       |    94 ||    94
Dodge: Dodged            |   117 |    93 |    87 ||   297

Table legend:
 A = Non-vault XP
 B = Vault XP
 C = Vault XP percentage of total XP
 D = Non-vault monster count
 E = Vault monster count
 F = Vault count percentage of total count
                 A         B        C        D         E       F
            +---------+---------+-------+---------+---------+-------
      Total |     978 |     765 |  43.9 |      97 |      21 |  17.8
            +---------+---------+-------+---------+---------+-------
        D:1 |      23 |       3 |  11.5 |      14 |       2 |  12.5
        D:2 |      66 |      35 |  34.7 |      25 |      11 |  30.6
        D:3 |     125 |       0 |   0.0 |      17 |       0 |   0.0
        D:4 |     195 |     358 |  64.7 |      19 |       6 |  24.0
        D:5 |     458 |     197 |  30.1 |      17 |       1 |   5.6
        D:6 |     111 |     172 |  60.8 |       5 |       1 |  16.7
            +---------+---------+-------+---------+---------+-------
